 Dungeon Crawl Stone Soup version 0.20-a0-2-g2b0e13a (webtiles) character file.

51 dobroeutro the Ducker (level 3, -24/28 HPs)
             Began as a Demonspawn Gladiator on Oct 29, 2016.
             Engulfed by a cloud of flame (25 damage)
             ... on level 2 of the Dungeon.
             The game lasted 00:02:27 (1254 turns).

dobroeutro the Ducker (Demonspawn Gladiator)        Turns: 1254, Time: 00:02:29

Health: -24/28     AC:  5    Str: 16    XL:     3   Next: 57%
Magic:  3/3        EV: 13    Int:  9    God:
Gold:   98         SH:  0    Dex: 13    Spells: 0 memorised, 2 levels left

rFire  . . .     SeeInvis .     h - +0 dagger (curse)
rCold  . . .     Gourm    .     a - +0 leather armour
rNeg   . . .     Faith    .     (no shield)
rPois  .         Spirit   .     (helmet restricted)
rElec  .         Reflect  .     r - +1 cloak
rCorr  .         Harm     .     (no gloves)
MR     .....                    (no boots)
Stlth  ++........               (no amulet)
                                (no ring)
                                (no ring)

@: no status effects
A: horns 1, nightstalker 1
a: no special abilities


You were on level 2 of the Dungeon.
You were very hungry.

You visited 1 branch of the dungeon, and saw 2 of its levels.

You collected 98 gold pieces.

Inventory:

Hand Weapons
 h - a cursed +0 dagger (weapon)
 j - a +2 dagger of freezing
Missiles
 c - 3 throwing nets (quivered)
Armour
 a - a +0 leather armour (worn)
 b - a +0 helmet
 r - a +1 cloak (worn)
Scrolls
 f - 2 scrolls of identify
 m - 2 scrolls of immolation
Potions
 e - 2 potions of curing
 g - 2 potions of cure mutation {unknown}
 i - a potion of magic {unknown}
 o - a potion of cancellation {unknown}
 p - a potion of ambrosia {unknown}
Comestibles
 d - a bread ration
 k - a beef jerky
 l - a meat ration
 q - 4 fruits


   Skills:
 + Level 2.8 Fighting
 - Level 1.7 Throwing
 + Level 1.1 Armour
 + Level 3.1 Dodging
 + Level 3.0 Unarmed Combat


You had 2 spell levels left.
You didn't know any spells.

Dungeon Overview and Level Annotations

Branches:
Dungeon (2/15)

Altars:
Ru


Innate Abilities, Weirdness & Mutations

You have a pair of small horns on your head.
You are slightly more attuned to the shadows.


Message History

You barely miss the hobgoblin. The hobgoblin closely misses you.
You hit the hobgoblin but do no damage. Your headbutt misses the hobgoblin.
The hobgoblin hits you.
You hit the hobgoblin but do no damage.
The hobgoblin hits you but does no damage.
You hit the hobgoblin.
The hobgoblin is moderately wounded.
The hobgoblin barely misses you.
You hit the hobgoblin. You headbutt the hobgoblin.
You kill the hobgoblin!
The frilled lizard barely misses you.
You closely miss the frilled lizard. The frilled lizard bites you.
You hit the frilled lizard.
The frilled lizard explodes!
The fiery explosion engulfs you!
Ouch! That really hurt!
* * * LOW HITPOINT WARNING * * *
You are engulfed in roaring flames.
Ouch! That really hurt!
You die...

.........# #......# *,
######...# #..##### *, #.†.##
###.## **, ###..# ##...# ***,,
##.# #.†### *,,,* #.# #.##
***,*** #.### ##§# *,,,* #<..#
#§§# *,*** ## ###.## #@##
******,* .##### #..###.#
*,,,*,,* .....#######.##..#
*,,,,,**
.###..(..###.##?#####*,,,,******
......................,,,**,,,,*
..............#)####..,,,**,,,,*
############)........,,,,,,,,,,*
.# #.#.####..,,,,**,,,,* (#
#...#...,.,,,,**,,,,*


There were no monsters in sight!

Vanquished Creatures
  An ooze (D:1)
  A dart slug (D:1)
  2 leopard geckos (D:1)
  A ball python (D:1)
  4 bats
  3 giant cockroaches
  5 goblins
  2 hobgoblins (D:2)
  3 jackals (D:2)
  A quokka (D:2)
  3 frilled lizards
  7 kobolds
  8 rats
41 creatures vanquished.

Notes
Turn   | Place    | Note
-------+----------+-------------------------------------------
     0 | D:1      | dobroeutro the Demonspawn Gladiator began the quest for the Orb.
     0 | D:1      | Reached XP level 1. HP: 16/16 MP: 1/1
    75 | D:1      | Gained mutation: You have a pair of small horns on your head. [demonic ancestry]
    75 | D:1      | Reached XP level 2. HP: 5/22 MP: 2/2
   945 | D:2      | Reached skill level 1 in Armour
   982 | D:2      | Gained mutation: You are slightly more attuned to the shadows. [demonic ancestry]
   982 | D:2      | Reached XP level 3. HP: 26/28 MP: 3/3
  1017 | D:2      | Found a sacrificial altar of Ru.
  1254 | D:2      | HP: 1/28 [frilled lizard/exploding inner flame[the player character] (24)]
  1254 | D:2      | Engulfed by a cloud of flame

Vault maps used:
D:1:      kennysheep_arrival_forest, minmay_unequal
D:2:      overflow_temple_1_default

Skill      XL: |  1  2  3 |
---------------+----------+-----
Dodging        | 3 |  3.1
Armour         | 1 |  1.1
Unarmed Combat | 3 |  3.0
Fighting       | |  2.8
Throwing       | |  1.7

Action                   || total
-------------------------++-------
Melee: Unarmed           ||    21
       Dagger            ||   160
       Headbutt          ||    22
  Use: Scroll            ||     6
 Stab: Sleeping          ||     4
Armor: Leather armour    ||    65
Dodge: Dodged            ||   129
